 Dungeon Crawl Stone Soup version bcrawl-1.28.1b (webtiles) character file.

Game seed: 9278021823567116321

182873 Morbidden the Ducker (level 6, -17/50 HPs)
             Began as a Djinni Archaeologist on Dec 25, 2020.
             Demolished by Pikel
             ... wielding a +0 whip of electrocution
              (18 damage)
             ... on level 4 of the Dungeon.
             The game lasted 00:07:19 (2982 turns).

Morbidden the Ducker (Djinni Archaeologist)         Turns: 2982, Time: 00:07:19

Health: -17/50     AC: 12    Str: 14    XL:     6   Next: 25%
Magic:  8/8        EV:  7    Int: 21    God:
Gold:   167        SH:  0    Dex: 11    Spells: 7/7 levels left

rFire    . . .     SeeInvis .   b - +5 double sword "Naozun" {speed, Int+3 Dex+2}
rCold    . . .     Gourm    .   (no shield)
rNeg     . . .     Faith    .   f - +2 chain mail {MR+}
rPois    .         Spirit   .   c - +1 hat
rElec    .         Reflect  .   (no cloak)
rCorr    .         Harm     .   l - +0 pair of gloves
MR       +....     Rnd*Rage +   (boots unavailable)
Stlth    ..........             (no amulet)
HPRegen  0.16/turn              (no ring)
MPRegen  0.11/turn              (no ring)

@: berserk cooldown, flying, slowed, very slow
A: never pass out, berserk 2, blink, blurry vision 2, wild magic 2, MP-powered
wands, floating
a: Blink


You were on level 4 of the Dungeon.
You were hungry.

You visited 1 branch of the dungeon, and saw 4 of its levels.

You collected 167 gold pieces.

Inventory:

Hand Weapons
 b - the +5 double sword "Naozun" (weapon) {speed, Int+3 Dex+2}
   (You acquired it on level 3 of the Dungeon)

   Attacks with this weapon are significantly faster.
   It affects your intelligence (+3).
   It affects your dexterity (+2).
Armour
 c - a +1 hat (worn)
 f - a +2 chain mail of magic resistance (worn)
 i - a +2 robe of the Archmagi
 l - a +0 pair of gloves (worn)
Wands
 a - a wand of random effects (5)
Scrolls
 d - a scroll of amnesia
 g - 2 scrolls of magic mapping
 h - 2 scrolls of remove curse
 j - a scroll of fear {unknown}
 o - a scroll of blinking {unknown}
 r - a scroll of identify
 s - a scroll of fog {unknown}
Potions
 m - a potion of curing
 n - 2 potions of degeneration {unknown}
 p - a potion of brilliance {unknown}
 q - a potion of heal wounds {unknown}
Comestibles
 e - 7 rations {!d}


   Skills:
 * Level 2.5 Fighting
 * Level 2.7 Long Blades
   Level 1.3(2.1) Axes
   Level 2.3(2.5) Maces & Flails
 + Level 0.3 Armour
 + Level 4.2 Dodging
 + Level 3.4 Stealth
 * Level 1.3 Spellcasting


You had 7 spell levels left.
You didn't know any spells.
Your spell library was empty.

Dungeon Overview and Level Annotations

Branches:
Dungeon (4/12)
 Temple: D:4-7

Altars:
Lugonu
Okawaru
Uskayaw
Vehumet
Wu Jian

Annotations:
D:2 Sigmund
D:4 Pikel


Innate Abilities, Weirdness & Mutations

You never pass out after going berserk.
You often lose your temper in combat.
You can translocate small distances at will.
Scrolls take you longer to read.
Your spells are harder to cast, but more powerful.
You expend magic power (3 MP) to strengthen your wands.
Your body floats in the air.


Message History

Pikel is severely wounded.
The slave hits you.
* * * LOW HITPOINT WARNING * * *
Pikel hits you but does no damage. The slave hits you.
* * * LOW HITPOINT WARNING * * *
The slave hits you.
* * * LOW HITPOINT WARNING * * *
No path to travel!
No path to travel!
No path to travel!
Okay, then.
Evoke which item? (* to show all) (? for menu, Esc to quit)
Okay, then.
You slash Pikel!
Pikel is almost dead.
Pikel completely misses you. The slave hits you but does no damage.
The slave completely misses you. The slave hits you.
* * * LOW HITPOINT WARNING * * *
Pikel hits you but does no damage.
You are electrocuted!!
You die...

..$....
K........#
#........#
p.......#
#...... ....#
##########...#
#......@pp...#
##....ppK....#
####..S.....#
###......##
####....#
..###..#
...###.##
.....#..#
.......#.## #


You could see Pikel, 4 slaves and an adder.

Vanquished Creatures
  A hound (D:4)
  Jessica (D:2)
  A bullfrog skeleton (D:3)
  4 orc wizards (D:3)
  A worker ant (D:4)
  An adder (D:3)
  2 oozes
  2 worms
  5 dart slugs
  2 leopard geckos (D:2)
  12 orcs (D:3)
  4 giant cockroaches
  6 goblins
  8 hobgoblins
  2 jackals (D:1)
  7 kobolds
  A quokka (D:3)
  7 bats
  4 frilled lizards
  A jackal skeleton (D:3)
  5 rats
77 creatures vanquished.

Notes
Turn   | Place    | Note
-------+----------+-------------------------------------------
     0 | D:1      | Morbidden the Djinni Archaeologist began the quest for the
                  | Orb.
     0 | D:1      | Reached XP level 1. HP: 16/16 MP: 1/1
    24 | D:1      | Got a shimmering lead amulet
   175 | D:1      | Reached XP level 2. HP: 7/23 MP: 2/2
   547 | D:1      | Identified the amulet "Qyki" {Inacc rN+ Str+4 Int-3} (You
                  | found it on level 1 of the Dungeon)
   797 | D:1      | Reached XP level 3. HP: 28/28 MP: 3/3
  1533 | D:2      | Noticed Sigmund
  1823 | D:2      | Noticed Jessica
  1830 | D:2      | Killed Jessica
  1831 | D:2      | Gained mutation: Your spells are harder to cast, but more
                  | powerful. [Djinni growth]
  1831 | D:2      | Gained mutation: You can translocate small distances at
                  | will. [Djinni growth]
  1831 | D:2      | Reached XP level 4. HP: 34/36 MP: 4/4
  1836 | D:2      | Reached skill level 4 in Dodging
  1985 | D:3      | Reached skill level 1 in Axes
  2030 | D:3      | Found an ornate altar of the Wu Jian Council.
  2032 | D:3      | Found a radiant altar of Vehumet.
  2236 | D:3      | Reached XP level 5. HP: 41/41 MP: 5/5
  2236 | D:3      | Identified a scroll of acquirement
  2250 | D:3      | Identified the +5 double sword "Naozun" {speed, Int+3
                  | Dex+2} (You acquired it on level 3 of the Dungeon)
  2250 | D:3      | Identified the +2 pair of gloves of Exclusion {rPois
                  | Stlth+} (You acquired it on level 3 of the Dungeon)
  2250 | D:3      | Identified the amulet "Ciyng" {Regen rN+ Str-2 Int+6} (You
                  | acquired it on level 3 of the Dungeon)
  2281 | D:3      | Found an iron altar of Okawaru.
  2281 | D:3      | Found a corrupted altar of Lugonu.
  2554 | D:3      | Found a hide-covered altar of Uskayaw.
  2562 | D:3      | Reached skill level 1 in Long Blades
  2613 | D:3      | Reached skill level 1 in Spellcasting
  2680 | D:3      | Reached XP level 6. HP: 50/50 MP: 6/8
  2970 | D:4      | Noticed a slave
  2970 | D:4      | Noticed Pikel
  2975 | D:4      | Noticed a slave
  2976 | D:4      | Noticed a slave
  2976 | D:4      | Noticed a slave
  2982 | D:4      | HP: 1/50 [slave[Pikel] (2)]
  2982 | D:4      | Demolished by Pikel

Skill      XL: |  1  2  3  4  5 |
---------------+----------------+-----
Maces & Flails | 2 |  2.3
Dodging        | 4 |  4.2
Stealth        | 3 |  3.4
Axes           | 1 |  1.3
Fighting       | 2 |  2.5
Long Blades    | 2 |  2.7
Spellcasting   | 1 |  1.3
Armour         | |  0.3

Action                   |  1- 3 |  4- 6 || total
-------------------------+-------+-------++-------
Melee: Whip              |   175 |    26 ||   201
       Hand axe          |    39 |    39 ||    78
       Double sword      |       |    61 ||    61
  Use: Scroll            |     3 |     2 ||     5
       Potion            |       |     1 ||     1
 Stab: Sleeping          |     5 |     2 ||     7
  Eat: Chunk             |     9 |     6 ||    15
Armor: Robe              |    53 |    10 ||    63
       Chain mail        |       |    50 ||    50
Dodge: Dodged            |   155 |    50 ||   205
